 Dungeon Crawl Stone Soup version 0.30-a0-772-g5528072125 (webtiles) character file.

Game seed: 637674195398423771

7461 dohliylev the Grappler (level 10, -4/100 HPs)
             Began as a Troll Berserker on Feb 12, 2023.
             Was an Elder of Trog.
             Slain by Erolcha
             ... wielding a +0 giant club
              (35 damage)
             ... on level 9 of the Dungeon.
             The game lasted 00:25:03 (6182 turns).

dohliylev the Grappler (Troll Berserker)            Turns: 6182, Time: 00:25:03

Health: -4/100     AC:  6    Str: 31    XL:     10   Next: 94%
Magic:  9/9        EV: 12    Int:  3    God:    Trog [****..]
Gold:   456        SH:  0    Dex: 15    Spells: 9/9 levels left

rFire   . . .      SeeInvis .      - Unarmed
rCold   . . .      Faith    .    (no shield)
rNeg    . . .      Spirit   .    J - +0 troll leather armour
rPois   .          Reflect  .    (helmet restricted)
rElec   .          Harm     .    (no cloak)
rCorr   +          Rampage  .    (gloves unavailable)
Will    ++...                    (boots unavailable)
Stlth   +                        c - amulet of the acrobat
HPRegen 2.96/turn                z - +6 ring of dexterity
MPRegen 0.11/turn                n - ring of resist corrosion

@: strong-willed, on berserk cooldown, regenerating, slowed, very slow
A: large, unfitting armour, claws 3, regeneration 1, shaggy fur 1, tough skin 1
a: Renounce Religion, Berserk, Trog's Hand, Brothers in Arms


You were on level 9 of the Dungeon.
You worshipped Trog.
Trog was greatly pleased with you.
You visited 1 branch of the dungeon, and saw 9 of its levels.
You also visited: Sewer and Ossuary.

You collected 456 gold pieces.

Inventory:

Missiles
 h - 4 throwing nets
 r - 8 javelins
 C - 10 boomerangs
 F - 8 large rocks (quivered)
Armour
 e - a +2 robe of fire resistance
 J - a +0 troll leather armour (worn)
Jewellery
 c - an amulet of the acrobat (around neck)
 i - an amulet of guardian spirit
 n - a ring of resist corrosion (right claw)
 o - a ring of ice
 z - a +6 ring of dexterity (left claw)
 H - a ring of positive energy
 L - a ring of ice
Wands
 t - a wand of paralysis (10)
 y - a wand of iceblast (12)
 K - a wand of digging (14)
Scrolls
 a - a scroll of butterflies
 b - a scroll of poison
 d - 2 scrolls of silence
 j - 2 scrolls of magic mapping
 k - 3 scrolls of fear
 s - 2 scrolls of enchant armour
 u - 5 scrolls of teleportation
 E - a scroll of blinking {unknown}
Potions
 f - a potion of attraction {unknown}
 g - 2 potions of invisibility {unknown}
 l - 2 potions of lignification {unknown}
 m - 2 potions of cancellation {unknown}
 p - 7 potions of curing {unknown}
 v - a potion of flight {unknown}
 x - a potion of resistance {unknown}
 A - a potion of berserk rage
 D - a potion of mutation {unknown}
 G - 2 potions of might {unknown}
 I - a potion of haste {unknown}


   Skills:
 * Level 6.8 Fighting
 + Level 3.7 Throwing
 * Level 4.2 Armour
 + Level 6.4 Dodging
 + Level 11.8 Unarmed Combat


You had 9 spell levels left.
You didn't know any spells.
Your spell library was empty.

Dungeon Overview and Level Annotations

Branches:
Dungeon (9/15)             Temple (0/1) D:4             Orc (0/2) D:9
  Sewer (visited)         Ossuary (visited)
   Lair: D:8-11

Altars:
Fedhas
Hepliaklqana
Okawaru
Ru
Uskayaw
Yredelemnul
The Shining One

Shops:
D:4 ?

Annotations:
D:9 Erolcha


Innate Abilities, Weirdness & Mutations

You are too large for most types of armour.
You have claws for hands.
Your natural rate of healing is unusually fast.
You are covered in fur. (AC +1)
You have tough skin. (AC +1)


Message History

You feel strong-willed.
The electric eel shoots out a bolt of lightning at you!
The bolt of electricity hits you!
A red film seems to cover your vision as you go berserk!
You feel yourself moving faster!
You feel mighty!
You feel a strong urge to attack something.
The electric eel shoots out a bolt of lightning at you!
The bolt of electricity misses you.
The electric eel shoots out a bolt of lightning at you!
The bolt of electricity misses you. The bolt of electricity hits you!
You barely miss the electric eel. You completely miss the electric eel.
You mangle the electric eel!!
You kill the electric eel!
Trog accepts your kill.
You hear a splash.
You hear the faint creaking of a portcullis nearby.
You closely miss the electric eel. You claw the electric eel!
Your claw misses the electric eel.
The electric eel is severely wounded.
The electric eel shoots out a bolt of lightning at you!
The bolt of electricity hits you!
You claw the electric eel!
You kill the electric eel!
Trog accepts your kill.
You hear a splash.
Found a scroll of identify.
You feel a strong urge to attack something.
You are no longer berserk.
You are exhausted.
You feel yourself slow down. Something completely misses you.
You claw something! Something hits you!
You scratch something but do no damage. Something hits you!
You claw something! Your claw misses something. Something barely misses you.
You claw something! Something hits you!!!
* * * LOW HITPOINT WARNING * * *
You claw something! You barely miss something. Something hits you!!
You die...

,,,,,,,,,,,,,,~,*~~,*,*,,,,,,,**,
,,,,,,,,,,,,,,***≈≈.#,#.~~~~~,**,
,,,,,8,,,,,,,,,>*≈≈.##..~,,,~,**,
,,,,,,,,,,,,,,***≈≈.....~,∩,~,,*,
,,,,,,,,,,,,,,~,*≈≈.....~,>,~,,,,
**###############≈≈.....~~~~~,**,
~≈≈≈≈≈≈≈≈≈≈≈≈≈≈≈≈≈≈.....,,,,,,,,,
~≈≈≈≈≈≈≈≈≈≈≈≈≈≈≈≈≈≈.?..#,,**,,,,,
,...............@{.....#,,,******
,......................#,,,,,,,,*
>......................#,,,,,,,,*
,.........###.###.......,,,,,,,,*
**###.....#*#+#**#####+++*,,,,,,*
,,,,#....##~~,~~** **,,,**,,,,,*
,,,,#....#~~~,~~~* **~,,,~**,,,,*
,,,,+....#~~,,,~~* *~,,,,,~*,,,,*
,,,,#....#~~,_,~~* *~,,∩,,~*,,,,*


There were no monsters in sight!

Vanquished Creatures
  Erica (D:9)
  A boulder beetle (D:7)
  A two-headed ogre (D:9)
  The ghost of dunno567 the Skirmisher, a novice KoHu of Gozag (D:7)
  Pikel (D:8)
  2 trolls (D:7)
  Sigmund (D:2)
  3 water moccasins
  2 orc warriors
  3 sky beasts
  2 ice beasts
  A black bear (D:5)
  Pargi (Sewer)
  An ogre (D:6)
  2 centaurs
  4 phantoms
  2 lemures (D:8)
  A kobold brigand (D:7)
  7 bullfrogs
  A necrophage (D:5)
  Blork the orc (D:4)
  4 water moccasin zombies (Ossuary)
  5 scorpions
  A killer bee (D:7)
  4 jellies
  A howler monkey (D:6)
  2 electric eels (D:9)
  6 hounds
  4 orc priests
  A gnoll bouda (D:7)
  Natasha (twice) (D:4)
  2 iguanas
  7 orc wizards
  2 mummies (Ossuary)
  Robin (D:2)
  9 adders
  10 gnolls
  A shadow imp (D:7)
  2 white imps
  An ufetubus (D:7)
  6 adder zombies (Ossuary)
  3 worms
  4 dart slugs
  33 orcs
  13 bats
  6 endoplasms
  4 giant cockroaches
  6 gnoll zombies (Ossuary)
  22 goblins
  6 hobgoblins
  6 jackals
  12 kobolds
  9 quokkas
  11 ball pythons
  6 frilled lizards
  3 hobgoblin zombies (Ossuary)
  3 kobold zombies (Ossuary)
  2 orc zombies (Ossuary)
  5 rats
264 creatures vanquished.

Vanquished Creatures (others)
  3 fungi (D:4)
  5 plants (D:4)
8 creatures vanquished.

Grand Total: 272 creatures vanquished

Notes
Turn   | Place    | Note
-------+----------+-------------------------------------------
     0 | D:1      | dohliylev the Troll Berserker began the quest for the Orb.
     0 | D:1      | Reached XP level 1. HP: 22/22 MP: 0/0
    65 | D:1      | Reached XP level 2. HP: 28/29 MP: 1/1
   296 | D:1      | Reached XP level 3. HP: 36/36 MP: 2/2
   434 | D:1      | Reached ** piety under Trog
   671 | D:2      | Noticed Robin
   775 | D:2      | Killed Robin
   776 | D:2      | Reached skill level 4 in Unarmed Combat
   776 | D:2      | Reached XP level 4. HP: 44/44 MP: 3/3
   821 | D:2      | Noticed Sigmund
   851 | D:2      | Killed Sigmund
   852 | D:2      | Reached skill level 5 in Unarmed Combat
   852 | D:2      | Reached XP level 5. HP: 53/53 MP: 4/4
  1090 | D:2      | You fall into a shaft and drop 1 floor!
  1114 | D:3      | Found a hide-covered altar of Uskayaw.
  1147 | D:2      | Reached XP level 6. HP: 61/61 MP: 5/5
  1452 | D:2      | Reached *** piety under Trog
  2244 | D:4      | Found Baerchox's Magic Scroll Boutique.
  2330 | D:4      | Noticed Natasha
  2336 | D:4      | Killed Natasha
  2337 | D:4      | Reached skill level 6 in Unarmed Combat
  2442 | D:4      | Noticed Blork the orc
  2444 | D:4      | Found a staircase to the Ecumenical Temple.
  2450 | D:4      | Killed Blork the orc
  2520 | D:4      | Found a sand-covered staircase.
  2527 | D:4      | Reached XP level 7. HP: 68/68 MP: 6/6
  2528 | Ossuary  | Entered an ossuary
  2589 | Ossuary  | Reached skill level 7 in Unarmed Combat
  2648 | Ossuary  | Reached **** piety under Trog
  2865 | D:4      | Found a sacrificial altar of Ru.
  3056 | D:4      | Noticed Natasha
  3061 | D:4      | Killed Natasha
  3110 | D:5      | Entered Level 5 of the Dungeon
  3126 | D:5      | Reached skill level 1 in Throwing
  3185 | D:5      | Reached XP level 8. HP: 76/78 MP: 7/7
  3208 | D:5      | Reached skill level 8 in Unarmed Combat
  3382 | D:5      | Found a glowing drain.
  3392 | Sewer    | Entered a sewer
  3412 | Sewer    | Noticed Pargi
  3422 | Sewer    | Killed Pargi
  3871 | D:5      | Reached skill level 5 in Fighting
  3951 | D:6      | Reached skill level 9 in Unarmed Combat
  3986 | D:6      | Reached skill level 5 in Dodging
  4025 | D:6      | Reached XP level 9. HP: 62/88 MP: 8/8
  4566 | D:7      | Found a transporter.
  4569 | D:7      | Noticed a troll
  4578 | D:7      | Killed a troll
  4579 | D:7      | Reached skill level 10 in Unarmed Combat
  4615 | D:7      | Noticed a troll
  4616 | D:7      | Noticed dunno567's ghost (novice KoHu)
  4698 | D:7      | Found a transporter.
  4757 | D:7      | Noticed a boulder beetle
  4770 | D:7      | Killed a boulder beetle
  4771 | D:7      | Reached skill level 1 in Armour
  4799 | D:7      | Reached XP level 10. HP: 93/98 MP: 9/9
  5278 | D:7      | Killed dunno567's ghost
  5279 | D:7      | Reached skill level 11 in Unarmed Combat
  5375 | D:8      | Found a hazy altar of Hepliaklqana.
  5557 | D:8      | Noticed Pikel
  5562 | D:8      | Killed Pikel
  5803 | D:8      | Found a basalt altar of Yredelemnul.
  5805 | D:8      | Noticed a profane servitor
  5919 | D:8      | Identified the +1 spear "Heahoet" {drain, rElec Str-4
                  | Int+3}
  5972 | D:8      | Found an iron altar of Okawaru.
  5979 | D:8      | Found a blossoming altar of Fedhas.
  6014 | D:8      | Found a glowing golden altar of the Shining One.
  6098 | D:8      | Noticed an angel
  6115 | D:9      | Noticed a two-headed ogre
  6119 | D:9      | Killed a two-headed ogre
  6136 | D:9      | Noticed Erica
  6148 | D:9      | Killed Erica
  6160 | D:9      | Noticed Erolcha
  6182 | D:9      | Slain by Erolcha

Illustrated notes

Levels and vault maps discovered:
D:1:      sevenhm_arrival_forest_fort_small_6, layout_loops_ring,
          hangedman_feature_mirror, minmay_pentomino_q4
D:2:      layout_basic, minmay_indecisive_spiral, uniq_sigmund, uniq_robin
D:3:      layout_basic, nicolae_uskayaw_dance_hall
D:4:      layout_loops_ring, nicolae_ru_the_path_less_chosen, temple_hall,
          lightli_ossuary_entry_decrepit_ruins, serial_shops,
          nicolae_shop_behind_doors, uniq_natasha, uniq_blork_the_orc
D:5:      minmay_evil_eye, layout_basic, cheibrodos_sewer_entry_bend,
          minmay_liquid_box
D:6:      layout_cave_pools, minmay_misc_feat_tower, minmay_statues_item,
          st_stairs_6, minmay_ogre_servants
D:7:      layout_basic, nzn_ghost_randoct, kennysheep_small_circle
D:8:      layout_rooms, grunt_temple_overflow_holy_war, minitemple,
          lemuel_round_altar, uniq_pikel
D:9:      layout_irregular_city, led_sif_pool, erik_orc_2, enter_bailey_5,
          kennysheep_windowed_goal, uniq_erica, uniq_psyche, uniq_erolcha

Skill      XL: |  1  2  3  4  5  6  7  8  9 10 |
---------------+-------------------------------+-----
Dodging        | 3 4 5 6 |  6.4
Unarmed Combat | 4 5 6 7 9 10 11 | 11.8
Fighting       | 3 4 5 6 |  6.8
Throwing       | 1 3 |  3.7
Armour         | 1 4 |  4.2

Action                     |  1- 3 |  4- 6 |  7- 9 | 10-12 || total
---------------------------+-------+-------+-------+-------++-------
  Melee: Unarmed           |    94 |   160 |   278 |   152 ||   684
         Punch             |       |     2 |    10 |     6 ||    18
  Throw: Javelin           |       |     5 |    13 |       ||    18
         Boomerang         |       |       |     4 |       ||     4
         Large rock        |       |       |    22 |       ||    22
 Invoke: Berserk           |       |     3 |     4 |     3 ||    10
         Trog's Hand       |       |     2 |     2 |     6 ||    10
         Brothers in Arms  |       |       |       |     1 ||     1
    Use: Scroll            |       |     3 |     1 |    10 ||    14
   Stab: Sleeping          |     1 |     2 |     1 |       ||     4
 Armour: Animal skin       |    40 |    53 |    67 |       ||   160
         Troll leather arm |       |       |     8 |    31 ||    39
  Dodge: Dodged            |    53 |    93 |   189 |    95 ||   430

Table legend: (Time is in decaauts)
 A = Elapsed time spent in this place.
 B = Non-inter-level travel time spent in this place.
 C = Inter-level travel time spent in this place.
 D = Time resting spent in this place.
 E = Time spent auto-exploring this place.
 F = Levels seen in this place.
 G = Mean time per level.
                   A        B        C        D        E       F      G
               +--------+--------+--------+--------+--------+-----+--------+
         Total |   6200 |   5832 |    368 |    300 |   3206 |  11 |  563.6 |
       Dungeon |   5927 |   5559 |    368 |    300 |   3156 |   9 |  658.6 |
         Sewer |     85 |     85 |      0 |      0 |     28 |   1 |   85.0 |
       Ossuary |    187 |    187 |      0 |      0 |     22 |   1 |  187.0 |
               +--------+--------+--------+--------+--------+-----+--------+

Top non-repeatable levels by time:
     D:2: 1030 daAuts
     D:7: 830 daAuts
     D:4: 756 daAuts
     D:5: 746 daAuts
     D:8: 736 daAuts
     D:1: 716 daAuts
     D:6: 618 daAuts
     D:3: 431 daAuts
 Ossuary: 187 daAuts
   Sewer: 85 daAuts
     D:9: 61 daAuts
